 Dungeon Sprint DCSS version 0.21.0-3-g78d12a8 (webtiles) character file.

66852 nuthulu the Slayer (level 14, -13/175 HPs)
             Began as a Minotaur Fighter on Jan 11, 2018.
             Mangled by an Orb Guardian (22 damage)
             ... in the Dungeon (Sprint V: "Ziggurat Sprint").
             The game lasted 00:11:40 (1815 turns).

nuthulu the Slayer (Minotaur Fighter)               Turns: 1815, Time: 00:11:41

Health: -13/175    AC: 39    Str: 41    XL:     14   Next: 80%
Magic:  0/13       EV: 20    Int:  5    God:
Gold:   0          SH: 34    Dex: 18    Spells: 13/13 levels left

rFire    . . .     SeeInvis +   F - +14 obsidian axe {chop, +Fly SInv *Curse} (curse)
rCold    . . .     Gourm    .   H - +18 shield of the Gong {rElec rN+ MR+ EV-5}
rNeg     + . .     Faith    .   G - +15 Maxwell's patent armour {-Cast -Tele rElec MR+ rCorr}
rPois    .         Spirit   .   (helmet restricted)
rElec    +         Reflect  .   I - +1 cloak {MR+}
rCorr    +         Harm     .   K - +1 pair of gloves {Str+3}
MR       ++++.     NoTele   +   b - +1 pair of boots "Qaabudgh" {Str+3} Stlth ..........NoCast +
                                a - amulet of Vitality {Regen+ HP+15}
HPRegen  0.79/turn              D - +6 ring of strength
MPRegen  0.13/turn              A - +6 ring of dexterity

@: mighty, mesmerised, very slightly contaminated, invisible
A: retaliatory headbutt, horns 2, deformed body
a: Evoke Flight


You were in the Dungeon.
You were not hungry.

You visited 1 branch

Inventory:

Hand Weapons
 F - the cursed +14 obsidian axe (weapon) {chop, +Fly SInv *Curse}
   (You found it in the Dungeon)

   It inflicts extra damage upon your enemies.
   It lets you see invisible.
   It lets you fly.
   It curses itself when equipped.
   It has a curse placed upon it.
Armour
 b - the +1 pair of boots "Qaabudgh" (worn) {Str+3}
   (You found it in the Dungeon)

   It affects your strength (+3).
 G - the +15 Maxwell's patent armour (worn) {-Cast -Tele rElec MR+ rCorr}
   (You found it in the Dungeon)

   It insulates you from electricity.
   It affects your resistance to hostile enchantments.
   It prevents spellcasting.
   It prevents most forms of teleportation.
   It protects you from acid and corrosion.
 H - the +18 shield of the Gong (worn) {rElec rN+ MR+ EV-5}
   (You found it in the Dungeon)

   It affects your evasion (-5).
   It insulates you from electricity.
   It protects you from negative energy.
   It affects your resistance to hostile enchantments.
 I - a +1 cloak of magic resistance (worn)
 K - a +1 pair of gloves of strength (worn)
Jewellery
 a - the amulet of Vitality (around neck) {Regen+ HP+15}
   (You found it in the Dungeon)

   [amulet of regeneration]

   It affects your health (+15).
   It increases your rate of regeneration.
 c - an uncursed ring of protection from fire
 o - the ring "Zallumos" {Fire Int+2}
   (You found it in the Dungeon)

   [ring of fire]

   It enhances your fire magic.
   It affects your intelligence (+2).
   It protects you from fire.
   It makes you vulnerable to cold.
 z - a +6 ring of dexterity
 A - a +6 ring of dexterity (right hand)
 B - a +6 ring of intelligence
 C - a +6 ring of intelligence
 D - a +6 ring of strength (left hand)
 E - a +6 ring of strength
 J - the ring of Ejieg {rC- MP+9 Dex+9 SInv Stlth+}
   (You found it in the Dungeon)

   [ring of stealth]

   It affects your dexterity (+9).
   It makes you vulnerable to cold.
   It affects your magic capacity (+9).
   It lets you see invisible.
   It makes you more stealthy.
 L - the ring of Ykomuott {Ice Str+4 Dex+3}
   (You found it in the Dungeon)

   [ring of ice]

   It enhances your ice magic.
   It affects your strength (+4).
   It affects your dexterity (+3).
   It makes you vulnerable to fire.
   It protects you from cold.
 M - an uncursed ring of protection from fire
 O - an uncursed ring of fire
 P - a +2 ring of intelligence
 Q - a +2 ring of intelligence
 R - an uncursed ring of fire
 S - the ring of Understanding {rN+ Str+5 Int-3 Stlth+}
   (You found it in the Dungeon)

   [ring of positive energy]

   It affects your strength (+5).
   It affects your intelligence (-3).
   It protects you from negative energy.
   It makes you more stealthy.
Wands
 w - a wand of disintegration (7)
 x - a wand of iceblast (7)
 y - a wand of acid (7)
Scrolls
 k - 4 scrolls of blinking
 q - 4 scrolls of amnesia
 r - 8 scrolls of fog
 s - 6 scrolls of brand weapon
 t - 5 scrolls of identify
 u - 5 scrolls of remove curse
 v - 2 scrolls of fear
 N - a scroll of holy word
Potions
 d - 6 potions of might
 e - 10 potions of curing
 g - 12 potions of heal wounds
 h - 6 potions of haste
 i - 7 potions of magic
 j - 3 potions of berserk rage
 l - 2 potions of brilliance
 m - a potion of invisibility
 n - 4 potions of resistance
 p - 5 potions of agility
Comestibles
 f - 6 rations


   Skills:
 + Level 24.9 Fighting
 - Level 20.6 Axes
 + Level 23.3 Armour
 + Level 21.6 Dodging
 - Level 15.0 Shields


You had 13 spell levels left.
You didn't know any spells.

Dungeon Overview and Level Annotations

Branches:
Dungeon (1/1)

Altars:
Ashenzari
Cheibriados
Dithmenos
Elyvilon
Fedhas
Gozag
Hepliaklqana
Kikubaaqudgha
Makhleb
Nemelex Xobeh
Okawaru
Qazlal
Ru
Sif Muna
Trog
Uskayaw
Vehumet
Wu Jian
Xom
Yredelemnul
Zin
The Shining One
Beogh
Jiyva
Lugonu


Innate Abilities, Weirdness & Mutations

You reflexively headbutt those who attack you in melee.
You have a pair of horns on your head.
Armour fits poorly on your strangely shaped body.


Message History

The golden dragon barely misses you. The Orb Guardian closely misses you.
You furiously retaliate!
You headbutt the Orb Guardian!
You block the purple draconian's attack.
PANG!
You block the Orb Guardian's attack.
GONNNNG!
The yellow draconian scorcher hits you but does no damage.
The purple draconian hits you with a war axe!
* * * LOW HITPOINT WARNING * * *
The white draconian hits you but does no damage.
You block the black draconian's attack.
GONNNNG!
You block the golden dragon's attack.
GONNNNG!
The golden dragon claws you!
* * * LOW HITPOINT WARNING * * *
You block the golden dragon's attack.
GONNNNG!
The Orb Guardian hits you!!
You die...

▓........
..}|:)}[|:![}..▓.....)..
..|[|)[.|=[[)..▓....[)).
....}}}|:|"....▓....|().
.......d.......▓..▓...).
......dddd.....▓.▓▓▓....
....dddd.yd....▓..▓.....
.....qddXy.....▓........
....ddq@D......▓......©.
......DXdd.....▓▓▓▓▓▓▓▓▓
...▓.......▓... .
▓▓.....▓▓ .
...▓.......▓...
...............
.......©.......
▓▓▓▓▓▓▓▓▓▓▓▓▓▓▓


You could see 2 golden dragons, 3 draconians, 4 draconians, 3 draconians, 3
draconians, 3 draconians, 2 Orb Guardians, a purple draconian annihilator, a
yellow draconian scorcher, a ghost moth (invisible) and a moth of wrath.

Vanquished Creatures
  An ancient lich (D)
  3 Orb Guardians (D)
  2 orc warlords (D)
  A balrug (D)
  2 reapers (D)
  A spriggan defender (D)
  A purple draconian (D)
  A starcursed mass (D)
  A red draconian (D)
  2 dire elephants (D)
  Josephine (D)
  An anaconda (D)
  7 spriggan air magi (D)
  3 satyrs (D)
  An orc high priest (D)
  A vampire mage (D)
  A soul eater (D)
  8 spriggan berserkers (D)
  A hell knight (D)
  An iron golem (D)
  A skeletal warrior (D)
  A spriggan druid (D)
  4 orc knights (D)
  A shambling mangrove (D)
  3 necromancers (D)
  An oklob plant (D)
  4 deep elf magi (D)
  A faun (D)
  2 orc sorcerers (D)
  A shining eye (D)
  2 draconians (D)
  A naga mage (D)
  2 spiny frogs (D)
  3 rust devils (D)
  A black mamba (D)
  3 tormentors (D)
  A komodo dragon (D)
  4 dryads (D)
  3 ice devils (D)
  A red devil (D)
  6 hornets (D)
  A wind drake (D)
  A slime creature (D)
  A hippogriff (shapeshifter) (D)
  3 shadows (D)
  2 vampires (D)
  6 spriggans (D)
  2 yaks (D)
  A neqoxec (D)
  A warg (D)
  2 nagas (D)
  A hell hound (D)
  5 water moccasins (D)
  A floating eye (D)
  3 porcupines (D)
  2 orc warriors (D)
  2 necrophages (D)
  2 black bears (D)
  2 ogres (D)
  A crocodile (D)
  3 wolves (D)
  6 wights (D)
  An orc priest (D)
  A jelly (D)
  2 iron imps (D)
  Terence (D)
  Jessica (D)
  Ijyb (D)
  4 orc wizards (D)
  3 mummies (D)
  3 adders (D)
  A white imp (D)
  2 oozes (D)
  A spectral adder (D)
  4 adder zombies (D)
  2 adder skeletons (D)
  4 bat skeletons (D)
  3 bat zombies (D)
  2 ball pythons (D)
  2 ball python skeletons (D)
  2 giant cockroach zombies (D)
  A jackal skeleton (D)
  A jackal zombie (D)
  2 leopard gecko skeletons (D)
  A leopard gecko zombie (D)
  4 quokka zombies (D)
  2 starspawn tentacles (D)
185 creatures vanquished.

Vanquished Creatures (collateral kills)
  Rupert (D)
  A tentacled starspawn (D)
  A balrug (D)
  A deep elf elementalist (D)
  A cacodemon (D)
  A spriggan defender (D)
  A hydra (D)
  Harold (D)
  Urug (D)
  A deep elf archer (D)
  A draconian (D)
  2 oklob plants (D)
  A rust devil (D)
  A hellion (D)
  2 hornets (D)
  A spriggan (D)
  A wraith (D)
  2 golden eyes (D)
  A hell hound (D)
  A crocodile (D)
  A wight (D)
  2 iron imps (D)
  An ooze (D)
  An adder zombie (D)
  2 adder skeletons (D)
  2 bat zombies (D)
  A giant cockroach zombie (D)
  A leopard gecko zombie (D)
34 creatures vanquished.

Vanquished Creatures (others)
  A deep elf knight (D)
  A hell hound (D)
  A butterfly (D)
  2 starspawn tentacles (D)
5 creatures vanquished.

Grand Total: 224 creatures vanquished

Notes
Turn   | Place    | Note
-------+----------+-------------------------------------------
     0 | D        | Found the +6 Majin-Bo {vamp, Archmagi MP+6 Int+6}
     0 | D        | Found the +7 great mace "Firestarter" {inner flame, rF++}
     0 | D        | nuthulu the Minotaur Fighter began the quest for the Orb.
     0 | D        | Reached XP level 1. HP: 19/19 MP: 0/0
     0 | D        | Found a deep blue altar of Sif Muna.
     0 | D        | Found a sacrificial altar of Ru.
     0 | D        | Found a bloodstained altar of Trog.
     0 | D        | Found a stormy altar of Qazlal.
     0 | D        | Found an iron altar of Okawaru.
     0 | D        | Found a sparkling altar of Nemelex Xobeh.
     0 | D        | Found a blossoming altar of Fedhas.
     2 | D        | Found a transporter.
     2 | D        | Found an ancient bone altar of Kikubaaqudgha.
     2 | D        | Found a viscous altar of Jiyva.
     2 | D        | Found a corrupted altar of Lugonu.
     2 | D        | Found a hazy altar of Hepliaklqana.
     2 | D        | Found a burning altar of Makhleb.
     2 | D        | Found an opulent altar of Gozag.
    17 | D        | Found the +9 heavy crossbow "Sniper" {velocity, Acc+∞ SInv}
    17 | D        | Found the +10 dark maul {crush}
    17 | D        | Found the +15 Maxwell's patent armour {-Cast -Tele rElec MR+ rCorr}
    17 | D        | Found the +18 shield of the Gong {rElec rN+ MR+ EV-5}
    17 | D        | Found the cursed +14 obsidian axe {chop, +Fly SInv *Curse}
    47 | D        | Reached XP level 2. HP: 26/26 MP: 1/1
    84 | D        | Entered arena 2.
    84 | D        | Found a transporter.
    94 | D        | Entered arena 3.
    94 | D        | Noticed a draconian
    94 | D        | Noticed a draconian
    94 | D        | Noticed a draconian
    94 | D        | Found a transporter.
    95 | D        | Found the amulet of Vitality {Regen+ HP+15}
   103 | D        | Killed a draconian
   103 | D        | Reached XP level 3. HP: 7/31 MP: 2/2
   103 | D        | Reached XP level 4. HP: 10/39 MP: 3/3
   103 | D        | Reached XP level 5. HP: 11/45 MP: 4/4
   103 | D        | Reached XP level 6. HP: 13/51 MP: 5/5
   104 | D        | Killed a draconian
   104 | D        | Reached XP level 7. HP: 15/57 MP: 6/6
   105 | D        | Killed a draconian
   105 | D        | Reached XP level 8. HP: 16/64 MP: 7/7
   142 | D        | Got the +1 pair of boots "Qaabudgh" {Str+3}
   357 | D        | Entered arena 4.
   357 | D        | Found a transporter.
   358 | D        | Found the +7 longbow "Piercer" {penet, EV-2}
   369 | D        | Entered arena 5.
   369 | D        | Found a transporter.
   379 | D        | Reached skill level 15 in Shields
   387 | D        | Entered arena 6.
   387 | D        | Found a transporter.
   389 | D        | Reached skill level 15 in Axes
   397 | D        | Entered arena 7.
   397 | D        | Noticed a naga mage
   398 | D        | Found a transporter.
   407 | D        | Killed a naga mage
   407 | D        | Reached XP level 9. HP: 70/70 MP: 8/8
   413 | D        | Entered arena 8.
   413 | D        | Noticed a starcursed mass
   413 | D        | Noticed a cacodemon
   413 | D        | Noticed a tentacled starspawn
   413 | D        | Gained mutation: Armour fits poorly on your strangely shaped body. [a cacodemon]
   414 | D        | Found a transporter.
   417 | D        | Paralysed by accursed screaming for 1 turns
   421 | D        | Killed a tentacled starspawn
   423 | D        | Killed a cacodemon
   423 | D        | Reached skill level 6 in Fighting
   423 | D        | Reached XP level 10. HP: 62/83 MP: 9/9
   432 | D        | Killed a starcursed mass
   432 | D        | Reached skill level 7 in Fighting
   500 | D        | Got the ring "Zallumos" {Fire Int+2}
   503 | D        | Entered arena 9.
   503 | D        | Noticed a spriggan rider
   504 | D        | Found a transporter.
   507 | D        | Reached skill level 8 in Fighting
   514 | D        | Reached skill level 9 in Fighting
   528 | D        | Got the ring of Ejieg {rC- MP+9 Dex+9 SInv Stlth+}
   532 | D        | Entered arena 10.
   532 | D        | Noticed a guardian serpent
   532 | D        | Noticed a deep elf knight
   532 | D        | Noticed a deep elf mage
   532 | D        | Noticed a deep elf mage
   532 | D        | Noticed a deep elf mage
   532 | D        | Noticed a deep elf mage
   532 | D        | Noticed a deep elf archer
   532 | D        | Noticed a deep elf elementalist
   532 | D        | a guardian serpent changed into a redback
   533 | D        | Found a transporter.
   536 | D        | Killed a deep elf mage
   537 | D        | Killed a deep elf mage
   538 | D        | Killed a deep elf mage
   538 | D        | Reached skill level 10 in Fighting
   538 | D        | Reached skill level 10 in Armour
   538 | D        | Killed a deep elf knight
   540 | D        | Killed a deep elf elementalist
   540 | D        | Reached skill level 11 in Fighting
   540 | D        | Reached XP level 11. HP: 102/102 MP: 10/10
   543 | D        | Killed a deep elf mage
   543 | D        | Reached skill level 10 in Dodging
   545 | D        | Killed a deep elf archer
   557 | D        | Got the ring of Ykomuott {Ice Str+4 Dex+3}
   568 | D        | Entered arena 11.
   568 | D        | Noticed a shining eye
   569 | D        | Found a transporter.
   576 | D        | Killed a shining eye
   576 | D        | Reached skill level 12 in Fighting
   587 | D        | Entered arena 12.
   588 | D        | Found the +2 robe of Vines {NoPotionHeal Regen+7}
   588 | D        | Noticed a soul eater
   590 | D        | Found a transporter.
   601 | D        | Killed a soul eater
   626 | D        | Entered arena 13.
   626 | D        | Noticed a vampire mage
   626 | D        | Noticed a necromancer
   627 | D        | Noticed a Brimstone Fiend
   627 | D        | Noticed a skeletal warrior
   627 | D        | Noticed a necromancer
   627 | D        | Noticed a necromancer
   627 | D        | Noticed an ancient lich
   632 | D        | Found a transporter.
   634 | D        | Killed a necromancer
   635 | D        | Killed a vampire mage
   635 | D        | Reached skill level 13 in Fighting
   637 | D        | Killed a necromancer
   638 | D        | Killed a necromancer
   640 | D        | Killed an ancient lich
   640 | D        | Reached skill level 15 in Fighting
   640 | D        | Reached skill level 15 in Armour
   640 | D        | Reached XP level 12. HP: 57/119 MP: 11/11
   757 | D        | Entered arena 14.
   758 | D        | Noticed Jessica
   758 | D        | Noticed Terence
   758 | D        | Noticed Josephine
   759 | D        | Noticed Urug
   759 | D        | Noticed Harold
   759 | D        | Noticed Ijyb
   759 | D        | Noticed Rupert
   760 | D        | Found a transporter.
   763 | D        | Killed Terence
   764 | D        | Killed Ijyb
   766 | D        | Killed Josephine
   767 | D        | Killed Jessica
   771 | D        | Killed Harold
   772 | D        | Killed Rupert
   772 | D        | Reached skill level 16 in Fighting
   776 | D        | Killed Urug
   800 | D        | Entered arena 15.
   802 | D        | Noticed a balrug
   804 | D        | Found a transporter.
   810 | D        | Reached skill level 15 in Dodging
   814 | D        | Killed a balrug
   957 | D        | Entered arena 16.
   958 | D        | Noticed an orc warlord
   958 | D        | Noticed an orc high priest
   959 | D        | Noticed an orc warlord
   960 | D        | Found a transporter.
   966 | D        | Reached skill level 17 in Fighting
   968 | D        | Killed an orc warlord
   972 | D        | Killed an orc warlord
   972 | D        | Reached XP level 13. HP: 90/134 MP: 12/12
   977 | D        | Reached skill level 18 in Fighting
  1080 | D        | Entered arena 17.
  1085 | D        | Found a transporter.
  1121 | D        | Entered arena 18.
  1124 | D        | Noticed a balrug
  1126 | D        | Found a transporter.
  1135 | D        | Killed a balrug
  1141 | D        | Reached skill level 19 in Fighting
  1186 | D        | Entered arena 19.
  1189 | D        | Noticed a spriggan defender
  1189 | D        | Noticed a dire elephant
  1190 | D        | Noticed a dire elephant
  1191 | D        | Found a transporter.
  1198 | D        | Killed a spriggan defender
  1199 | D        | Killed a dire elephant
  1199 | D        | Reached skill level 20 in Fighting
  1203 | D        | Killed a dire elephant
  1206 | D        | Reached skill level 21 in Fighting
  1224 | D        | Reached skill level 22 in Fighting
  1386 | D        | Entered arena 20.
  1391 | D        | Noticed a spriggan defender
  1393 | D        | Found a transporter.
  1396 | D        | Reached XP level 14. HP: 154/154 MP: 13/13
  1398 | D        | Killed a spriggan defender
  1403 | D        | Reached skill level 23 in Fighting
  1601 | D        | Entered arena 21.
  1605 | D        | Noticed a reaper
  1608 | D        | Noticed a reaper
  1612 | D        | Found a transporter.
  1620 | D        | Killed a reaper
  1620 | D        | Reached skill level 24 in Fighting
  1627 | D        | Killed a reaper
  1651 | D        | Got the ring of Understanding {rN+ Str+5 Int-3 Stlth+}
  1795 | D        | Entered arena 22.
  1799 | D        | Noticed a yellow draconian scorcher
  1799 | D        | Noticed an Orb Guardian
  1800 | D        | Found the cursed necklace of Bloodlust {*Rage +Rage MR++ Int-3 Slay+6 *Curse}
  1800 | D        | Noticed an Orb Guardian
  1800 | D        | Noticed an Orb Guardian
  1800 | D        | Noticed a golden dragon
  1800 | D        | Noticed an Orb Guardian
  1801 | D        | Found the +3 hat of Pondering {ponderous, MR+ MP+10 Int+5}
  1801 | D        | Noticed a ghost moth
  1801 | D        | Noticed a golden dragon
  1801 | D        | Noticed a purple draconian annihilator
  1802 | D        | Noticed an Orb Guardian
  1804 | D        | Killed an Orb Guardian
  1808 | D        | Killed an Orb Guardian
  1810 | D        | Killed an Orb Guardian
  1815 | D        | Mangled by an Orb Guardian

Skill      XL: |  1  2  3  4  5  6  7  8  9 10 11 12 13 14 |
---------------+-------------------------------------------+-----
Axes           | 6 12 13 14 17 20 | 20.6
Shields        | 7 12 13 14 15 | 15.0
Fighting       | 6 11 15 17 22 24 | 24.9
Armour         | 6 11 15 17 20 23 | 23.3
Dodging        | 4 9 13 16 19 21 | 21.6

Action                   |  1- 3 |  4- 6 |  7- 9 | 10-12 | 13-15 || total
-------------------------+-------+-------+-------+-------+-------++-------
Melee: Broad axe         |     9 |     1 |    30 |    86 |   124 ||   250
       Headbutt          |     2 |     1 |     6 |    20 |    32 ||    61
  Use: Potion            |     1 |       |       |       |     4 ||     5
       Scroll            |       |       |       |     1 |       ||     1
 Stab: Distracted        |       |       |       |     1 |     2 ||     3
       Invisible         |       |       |       |       |     2 ||     2
       Petrifying        |       |       |       |       |     1 ||     1
  Eat: Ration            |       |       |       |       |     1 ||     1
Armor: Plate armour      |     6 |       |    14 |    23 |    66 ||   109
Dodge: Dodged            |       |       |       |    17 |    72 ||    89
Block: Shield            |    17 |     1 |    31 |   104 |   264 ||   417
